 Dungeon Crawl Stone Soup version 0.21-a0-517-gd76cfe0 (webtiles) character file.

21 slep the Skirmisher (level 2, -1/27 HPs)
             Began as a Minotaur Monk on Dec 3, 2017.
             Slain by a worker ant (6 damage)
             ... on level 2 of the Dungeon.
             The game lasted 00:01:58 (545 turns).

slep the Skirmisher (Minotaur Monk)                  Turns: 545, Time: 00:01:58

Health: -1/27      AC:  5    Str: 15    XL:     2   Next: 62%
Magic:  1/1        EV:  8    Int:  7    God:
Gold:   59         SH: 10    Dex: 12    Spells: 1/1 levels left

rFire    . . .     SeeInvis .   a - +0 hand axe
rCold    . . .     Gourm    .   g - +0 large shield
rNeg     . . .     Faith    .   b - +0 robe
rPois    .         Spirit   .   (helmet restricted)
rElec    .         Reflect  .   (no cloak)
rCorr    .         Harm     .   (no gloves)
MR       .....     Rnd*Tele +   (no boots)
Stlth    ++........             (no amulet)
HPRegen  0.09/turn              i - ring of teleportation (curse)
MPRegen  0.07/turn              j - +3 ring of protection

@: lethally poisoned (-1 -> -6)
A: retaliatory headbutt, horns 2
a: no special abilities


You were on level 2 of the Dungeon.
You were not hungry.

You visited 1 branch of the dungeon, and saw 2 of its levels.

You collected 59 gold pieces.

Inventory:

Hand Weapons
 a - a +0 hand axe (weapon)
Armour
 b - a +0 robe (worn)
 g - a +0 large shield (worn)
Jewellery
 i - a cursed ring of teleportation (left hand)
 j - a +3 ring of protection (right hand)
Scrolls
 e - a scroll of identify {unknown}
 f - a scroll of remove curse {unknown}
 l - 5 scrolls of teleportation {unknown}
Potions
 h - a potion of curing {unknown}
Comestibles
 c - 2 bread rations
 d - a royal jelly


   Skills:
 + Level 4.1 Fighting
 + Level 4.1 Axes
 + Level 3.5 Dodging
 + Level 1.6 Stealth


You had one spell level left.
You didn't know any spells.

Dungeon Overview and Level Annotations

Branches:
Dungeon (2/15)

Altars:
Cheibriados
Kikubaaqudgha
Trog
Wu Jian
The Shining One


Innate Abilities, Weirdness & Mutations

You reflexively headbutt those who attack you in melee.
You have a pair of horns on your head.


Message History

You hit the worker ant.
The worker ant is moderately wounded.
You feel sick. The worker ant bites you.
You hit the worker ant.
The worker ant is heavily wounded.
The worker ant bites you. You block the worker ant's attack.
You barely miss the worker ant.
The worker ant is heavily wounded.
You feel sick. The worker ant completely misses you.
You hit the worker ant.
You headbutt the worker ant, but do no damage.
The worker ant is heavily wounded.
The worker ant closely misses you. The worker ant bites you.
* * * LOW HITPOINT WARNING * * *
You barely miss the worker ant.
You headbutt the worker ant, but do no damage.
The worker ant is heavily wounded.
* * * LOW HITPOINT WARNING * * *
You feel sick. The worker ant bites you.
You die...

# #. #.. (...
.....
......##########
......a@.......#
#...#.########.#
# #


You could see a worker ant.

Vanquished Creatures
  3 dart slugs
  A goblin (D:1)
  4 hobgoblins (D:1)
  A kobold (D:2)
  A quokka (D:2)
  A bat (D:1)
  2 frilled lizards (D:1)
  A rat (D:1)
14 creatures vanquished.

Notes
Turn   | Place    | Note
-------+----------+-------------------------------------------
     0 | D:1      | slep the Minotaur Monk began the quest for the Orb.
     0 | D:1      | Reached XP level 1. HP: 19/19 MP: 0/0
   240 | D:1      | Reached XP level 2. HP: 14/27 MP: 1/1
   460 | D:2      | Found a snail-covered altar of Cheibriados.
   468 | D:2      | Found a glowing golden altar of the Shining One.
   484 | D:2      | Found a bloodstained altar of Trog.
   492 | D:2      | Found an ancient bone altar of Kikubaaqudgha.
   503 | D:2      | Found an ornate altar of the Wu Jian Council.
   545 | D:2      | Slain by a worker ant

Vault maps used:
D:1:      giann_bridges
D:2:      kennysheep_big_flooded_room, overflow_temple_1_default,
          nicolae_overflow_quartered_altars, minmay_gold_behind_fungi

Skill      XL: |  1  2 |
---------------+-------+-----
Fighting       | 4 |  4.1
Axes           | 4 |  4.1
Dodging        | |  3.5
Stealth        | |  1.6

Action                   || total
-------------------------++-------
Melee: Hand axe          ||    38
       Headbutt          ||     4
 Stab: Sleeping          ||     4
Armor: Robe              ||     6
Dodge: Dodged            ||    12
Block: Large shield      ||    12

Table legend:
 A = Spawn XP
 B = Non-spawn XP
 C = Spawn XP percentage of total XP
 D = Spawn monster count
 E = Non-spawn monster count
 F = Spawn count percentage of total count
 G = Total turns spent on level
                    A         B        C        D         E        F      G
               +---------+---------+-------+---------+---------+-------+---------
         Total |       0 |      30 |   0.0 |       0 |      14 |   0.0 |   545
               +---------+---------+-------+---------+---------+-------+---------
           D:1 |       0 |      22 |   0.0 |       0 |      11 |   0.0 |   460
           D:2 |       0 |       8 |   0.0 |       0 |       3 |   0.0 |    85
               +---------+---------+-------+---------+---------+-------+---------
